cohdb
Replays
Latest Replays
All Replays
Popular Replays
Top Player Replays
Match Explorer
How It Works
Community
CoH3 Stats
Reddit
Sign in to upload your games and track your stats! →
Sign in with Steam
Match 37467762
Unlisted
Match 37467762
Overview
Messages
Build Orders
End
Construct Section Command Post
Infantry Section
Infantry Section
ML 3-inch Mortar Team
Construct Platoon Command Post
Infantry Section
Humber Armored Car
Selects Indian Artillery Battlegroup
Selects Valour
CMP 15cwt Truck
Infantry Training
6-pounder Anti-tank Gun Team
Grenade Package
Selects Gurkha Rifles Section
Selects Artillery Saturation
Construct Company Command Post
Matilda II Heavy Tank
Armored Vehicle Training
Royal Engineer Section
Royal Engineer Section
Selects Volunteer Infantry
Gurkha Rifles Section
Matilda II Heavy Tank
TidaL
Mecska
ironhead1125
PumaDog
Abeli
Companyofterror
0
0
Comments
sign in to comment!
No comments posted yet!